 Dungeon Crawl Stone Soup version 0.23-a0-296-ga3b1b28 (webtiles) character file.

214 Ijustatesigmund the Conjurer (level 5, 0/31 HPs)
             Began as an Octopode Conjurer on Oct 5, 2018.
             Succumbed to an adder's poison
             ... on level 3 of the Dungeon.
             The game lasted 00:07:01 (3882 turns).

Ijustatesigmund the Conjurer (Octopode Conjurer)    Turns: 3882, Time: 00:07:02

Health: 0/31       AC:  1    Str:  7    XL:     5   Next: 91%
Magic:  4/8        EV: 14    Int: 17    God:
Gold:   61         SH:  0    Dex: 14    Spells: 2/8 levels left

rFire    . . .     SeeInvis .   e - +1 dagger
rCold    . . .     Gourm    .   (no shield)
rNeg     . . .     Faith    .   (helmet restricted)
rPois    .         Spirit   .   (no amulet)
rElec    .         Reflect  .   (no ring)
rCorr    .         Harm     .   (no ring)
MR       .....                  (no ring)
Stlth    +++.......             (no ring)
HPRegen  0.10/turn              (no ring)
MPRegen  0.11/turn              (no ring)
                                (no ring)
                                (no ring)

@: lethally poisoned (0 -> -2)
A: almost no armour, stealthy swim, amphibious, 8 rings, constrict 8, camouflage
1, gelatinous body 1
a: no special abilities


You were on level 3 of the Dungeon.
You were hungry.

You visited 1 branch of the dungeon, and saw 3 of its levels.

You collected 61 gold pieces.

Inventory:

Hand Weapons
 e - a +1 dagger (weapon)
Jewellery
 a - an uncursed ring of fire
Scrolls
 d - 3 scrolls of identify
Comestibles
 b - 3 rations


   Skills:
 + Level 2.7 Dodging
 - Level 2.6 Stealth
 - Level 2.0 Spellcasting
 - Level 6.3 Conjurations
 + Level 1.6 Hexes


You had 2 spell levels left.
You knew the following spells:

 Your Spells              Type           Power        Failure   Level  Hunger
a - Magic Dart            Conj           ###.         1%          1    #......
b - Searing Ray           Conj           ###...       2%          2    ###....
c - Dazzling Spray        Conj/Hex       ###...       11%         3    ###....

Your spell library contained the following spells:

 Spells                   Type           Power        Failure   Level  Hunger
 Iskenderun's Mystic Bla  Conj           ###.....     14%         4    #####..
 Fulminant Prism          Conj/Hex       ###.......   36%         4    #####..
 Force Lance              Conj/Tloc      ##......     47%         4    #####..


Dungeon Overview and Level Annotations

Branches:
Dungeon (3/15)

Altars:

Portals:
Sewer: D:3

Annotations:
D:2 Sigmund


Innate Abilities, Weirdness & Mutations

You cannot wear most types of armour.
You are very stealthy in the water. (Stealth+)
You are amphibious.
You can wear up to eight rings at the same time.
You can use your tentacles to constrict eight enemies at once.
Your skin changes colour to match your surroundings (Stealth+).
Your rubbery body absorbs attacks. (AC +1, EV +1)


Message History

* * * LOW HITPOINT WARNING * * *
You feel sick.
* * * LOW HITPOINT WARNING * * *
You feel sick.
* * * LOW HITPOINT WARNING * * *
You feel sick.
You hear the brisk rusting of a drain nearby.
* * * LOW HITPOINT WARNING * * *
You feel sick.
Your transformation is almost over.
* * * LOW HITPOINT WARNING * * *
You feel sick.
You are feeling hungry.
An adder comes into view.
* * * LOW HITPOINT WARNING * * *
You feel sick.
As you read the scroll of fear, it crumbles to dust.
You assume a fearsome visage.
The adder looks frightened!
You feel less wooden.
You die...

,,,,,,,,,,,,,,* #.#*** #,* #
,,,**#.#####.[* #.# *,* #
*****#.#≈≈≈#.#* #.# #.###
,,,,*#.#≈≈≈#.# #.# #....
**#,*#.#≈∩≈#.# ###.### #####
#.##.#≈≈≈#.# #.....# #
#....#≈≈≈#.## ####.....########
*,,#.##'##..###...........##...
*,<#....†)..††@.##..)..##.##...
*,,############.##.....##.[....
***,,* #.####.####...($. ,,,,,*
#.#**#[# #...... ,,,,**
#.#,,..# #.##... ***** #S#,####
#.##... **********
#.#,******#.###.# *,,,,,,,,*
#..,,,,,,,...,... *,******,*
*,*,******#.**#.#


You could see an adder (fleeing).

Vanquished Creatures
  12 adders
  An ooze (D:1)
  2 worms (D:2)
  A dart slug (D:2)
  A leopard gecko (D:2)
  6 orcs
  7 bats
  5 giant cockroaches
  6 goblins
  8 hobgoblins
  19 jackals
  2 frilled lizards
  5 kobolds
  11 rats
86 creatures vanquished.

Notes
Turn   | Place    | Note
-------+----------+-------------------------------------------
     0 | D:1      | Ijustatesigmund the Octopode Conjurer began the quest for
                  | the Orb.
     0 | D:1      | Reached XP level 1. HP: 11/11 MP: 3/3
   152 | D:1      | Reached XP level 2. HP: 13/17 MP: 0/5
   332 | D:1      | Learned a level 2 spell: Searing Ray
  1083 | D:1      | Reached XP level 3. HP: 21/21 MP: 3/6
  1114 | D:1      | Reached skill level 5 in Conjurations
  2116 | D:2      | Reached XP level 4. HP: 27/27 MP: 3/7
  2376 | D:2      | Reached skill level 6 in Conjurations
  2525 | D:2      | Reached XP level 5. HP: 31/31 MP: 1/8
  2902 | D:2      | Learned a level 3 spell: Dazzling Spray
  3478 | D:2      | Noticed Sigmund
  3700 | D:3      | Found a glowing drain.
  3708 | D:3      | Reached skill level 1 in Hexes
  3867 | D:3      | HP: 2/46 [poisoned by an adder]
  3874 | D:3      | HP: 1/46 [poisoned by an adder]
  3882 | D:3      | Succumbed to an adder's poison

Vault maps used:
D:1:      tarquinn_simple_flora_water_a, minmay_misc_feat_tiny, feat_on_display
D:2:      first_ration, minivault_26, uniq_crazy_yiuf_cottage, uniq_sigmund
D:3:      gup_sewer_entry_glass

Skill      XL: |  1  2  3  4  5 |
---------------+----------------+-----
Conjurations   | 5 6 |  6.3
Hexes          | 1 |  1.6
Dodging        | |  2.7
Stealth        | |  2.6
Spellcasting   | |  2.0

Action                   |  1- 3 |  4- 6 || total
-------------------------+-------+-------++-------
Melee: Unarmed           |    11 |       ||    11
       Constrict         |    11 |    26 ||    37
       Tentacles         |     7 |    22 ||    29
       Dagger            |    20 |    86 ||   106
 Cast: Magic Dart        |    55 |    32 ||    87
       Searing Ray       |       |     6 ||     6
  Use: Scroll            |     5 |     4 ||     9
       Potion            |       |     2 ||     2
 Stab: Sleeping          |     2 |     2 ||     4
  Eat: Chunk             |     4 |     3 ||     7
       Ration            |       |     1 ||     1
Armor: Skin              |     4 |    14 ||    18
Dodge: Dodged            |    30 |    82 ||   112

Table legend:
 A = Non-vault XP
 B = Vault XP
 C = Vault XP percentage of total XP
 D = Non-vault monster count
 E = Vault monster count
 F = Vault count percentage of total count
                 A         B        C        D         E       F
            +---------+---------+-------+---------+---------+-------
      Total |     251 |      55 |  18.0 |      81 |       5 |   5.8
            +---------+---------+-------+---------+---------+-------
        D:1 |      68 |       0 |   0.0 |      35 |       0 |   0.0
        D:2 |     137 |       0 |   0.0 |      33 |       0 |   0.0
        D:3 |      46 |      55 |  54.5 |      13 |       5 |  27.8
            +---------+---------+-------+---------+---------+-------
